 Dungeon Crawl Stone Soup version 0.29.1-2-gbd0b4ee654 (webtiles) character file.

Game seed: 17903707245204578066

52 KittyFluff the Ruffian (level 3, 0/54 HPs)
             Began as a Troll Berserker on Nov 28, 2022.
             Was a Follower of Trog.
             Slain by a gnoll
             ... wielding a +0 spear
              (5 damage)
             ... on level 2 of the Dungeon.
             The game lasted 00:02:18 (577 turns).

KittyFluff the Ruffian (Troll Berserker)             Turns: 577, Time: 00:02:19

Health: 0/54       AC:  4    Str: 25    XL:     3   Next: 60%
Magic:  2/2        EV: 10    Int:  3    God:    Trog [*.....]
Gold:   7          SH:  0    Dex: 11    Spells: 2/2 levels left

rFire   . . .      SeeInvis .     - Unarmed
rCold   . . .      Faith    .   (no shield)
rNeg    . . .      Spirit   .   a - +0 animal skin
rPois   .          Reflect  .   (helmet restricted)
rElec   .          Harm     .   (no cloak)
rCorr   .          Rampage  .   (gloves unavailable)
Will    .....                   (boots unavailable)
Stlth   ..........              (no amulet)
HPRegen 0.98/turn               (no ring)
MPRegen 0.08/turn               (no ring)

@: berserking, very quick
A: large, unfitting armour, claws 3, regeneration 1, shaggy fur 1, tough skin 1
a: Renounce Religion, Berserk


You were on level 2 of the Dungeon.
You worshipped Trog.
Trog was aware of your devotion.
You visited 1 branch of the dungeon, and saw 2 of its levels.

You collected 7 gold pieces.

Inventory:

Armour
 a - a +0 animal skin (worn)
Scrolls
 b - a scroll of torment {unknown}
 c - a scroll of fear {unknown}


   Skills:
 + Level 2.7 Fighting
 * Level 3.0 Dodging
 + Level 0.1 Stealth
 + Level 3.7 Unarmed Combat


You had 2 spell levels left.
You didn't know any spells.
Your spell library was empty.

Dungeon Overview and Level Annotations

Branches:
Dungeon (1/15)

Altars:


Innate Abilities, Weirdness & Mutations

You are too large for most types of armour.
You have claws for hands.
Your natural rate of healing is unusually fast.
You are covered in fur. (AC +1)
You have tough skin. (AC +1)


Message History

You closely miss the gnoll.
The gnoll is moderately wounded.
You closely miss the gnoll.
The gnoll is moderately wounded.
The gnoll hits you from afar with a +0 spear.
* * * LOW HITPOINT WARNING * * *
The gnoll misses you.
You scratch the gnoll.
The gnoll is severely wounded.
You claw the gnoll!
You feel the power of Trog in you as your rage grows.
You kill the gnoll!
Trog accepts your kill.
The gnoll hits you from afar with a +0 spear.
* * * LOW HITPOINT WARNING * * *
Your Dodging skill increases to level 3!
You closely miss the hobgoblin. You barely miss the hobgoblin.
The hobgoblin hits you.
* * * LOW HITPOINT WARNING * * *
The gnoll hits you from afar with a +0 spear.
* * * LOW HITPOINT WARNING * * *
You barely miss the hobgoblin. The hobgoblin closely misses you.
The gnoll hits you from afar with a +0 spear!
* * * LOW HITPOINT WARNING * * *
You scratch the hobgoblin. Your claw misses the hobgoblin.
The hobgoblin is moderately wounded.
You completely miss the hobgoblin.
The hobgoblin is moderately wounded.
The hobgoblin hits you but does no damage.
The gnoll closely misses you.
You closely miss the hobgoblin.
The hobgoblin is moderately wounded.
The hobgoblin hits you.
* * * LOW HITPOINT WARNING * * *
The gnoll barely misses you.
You mangle the hobgoblin!!
You kill the hobgoblin!
Trog accepts your kill. The gnoll hits you with a +0 spear.
You die...

........†....####
........##..†)..#
~~~.....###.###.#####
~8~~....# #.# #.....#
#####.).###.#
#####..# ##......#
##...# #####..###
##.... #....####
##... ####..@J# ..
#.##g....# # #.#
####... #.# # #.# #.#
#.# ..#


You could see a gnoll and an endoplasm.

Vanquished Creatures
  2 gnolls (D:2)
  2 adders (D:2)
  An endoplasm (D:1)
  A giant cockroach (D:1)
  4 goblins
  2 hobgoblins
  A kobold (D:2)
  2 ball pythons (D:2)
15 creatures vanquished.

Notes
Turn   | Place    | Note
-------+----------+-------------------------------------------
     0 | D:1      | KittyFluff the Troll Berserker began the quest for the Orb.
     0 | D:1      | Reached XP level 1. HP: 22/22 MP: 0/0
   490 | D:1      | You fall into a shaft and drop 1 floor!
   513 | D:2      | Reached XP level 2. HP: 29/29 MP: 1/1
   535 | D:2      | Reached XP level 3. HP: 36/36 MP: 2/2
   577 | D:2      | Slain by a gnoll

Illustrated notes

Levels and vault maps discovered:
D:1:      dpeg_cavernosity, layout_loops_ring,
          hellmonk_ecumenical_altar_slurped_away, minmay_misc_feat_nine_boxes
D:2:      layout_rooms, moated_statue, corexii_shack, minmay_pentomino_u2

Skill      XL: |  1  2  3 |
---------------+----------+-----
Dodging        | 3 |  3.0
Fighting       | |  2.7
Stealth        | |  0.1
Unarmed Combat | |  3.7

Action                   || total
-------------------------++-------
Melee: Unarmed           ||    41
Invok: Berserk           ||     1
 Stab: Sleeping          ||     2
Armor: Animal skin       ||    10
Dodge: Dodged            ||     7
